 Dungeon Crawl Stone Soup version 0.16.1-14-g82efdee (webtiles) character file.

210 KarvaRausku the Chopper (level 5, -7/30 HPs)
             Began as a Tengu Gladiator on Apr 13, 2015.
             Mangled by Crazy Yiuf
             ... wielding a +4 quarterstaff of chaos
              (18 damage)
             ... on level 2 of the Dungeon.
             The game lasted 00:06:23 (2658 turns).

KarvaRausku the Chopper (Tengu Gladiator)           Turns: 2658, Time: 00:06:23

Health: -7/30      AC:  7    Str: 16    XL:     5   Next: 87%
Magic:  7/7        EV: 10    Int:  9    God:
Gold:   203        SH:  0    Dex: 14    Spells: 0 memorised, 4 levels left

rFire  . . .     SeeInvis .     a - +1 war axe
rCold  . . .     Clarity  .     r - +0 scale mail (curse)
rNeg   . . .     SustAb   .     (no shield)
rPois  .         Gourm    .     c - +0 hat
rElec  .         Spirit   .     p - +0 cloak
rCorr  .         Warding  .     (no gloves)
rMut   .         Stasis   .     (boots unavailable)
MR     .....                    (no amulet)
Stlth  ..........               (no ring)
                                q - ring of invisibility

@: not resistant to hostile enchantments, extremely unstealthy
A: able to fly, beak, talons 3
a: Fly, Evoke Invisibility


You were on level 2 of the Dungeon.
You were not hungry.

You visited 1 branch of the dungeon, and saw 3 of its levels.

You collected 203 gold pieces.

Inventory:

Hand weapons
 a - a +1 war axe (weapon)
Missiles
 d - 4 throwing nets (quivered)
Armour
 b - a +0 leather armour
 c - a +0 hat (worn)
 n - a +0 scale mail
 p - a +0 cloak (worn)
 r - a cursed +0 scale mail (worn)
Jewellery
 q - a ring of invisibility (left hand)
Scrolls
 e - 4 scrolls of remove curse {unknown}
 g - 7 scrolls of identify
 i - a scroll of teleportation {unknown}
 m - a scroll of random uselessness {unknown}
 s - a scroll of amnesia {unknown}
 u - a scroll of enchant weapon
 v - a scroll of fear {unknown}
 w - 2 scrolls of enchant armour {unknown}
Potions
 h - 2 potions of magic
 j - 2 potions of haste
 o - a potion of invisibility
 t - 2 potions of curing
Comestibles
 f - 6 bread rations
 k - 3 fruits
 l - 2 chunks of flesh


   Skills:
 - Level 2.0 Fighting
 + Level 7.0 Axes
 - Level 2.1 Throwing
 - Level 3.2 Dodging


You had 4 spell levels left.
You didn't know any spells.

Dungeon Overview and Level Annotations

Branches:
Dungeon (3/15)

Altars:
Kikubaaqudgha
The Shining One

Annotations:
D:2 Crazy Yiuf


Innate Abilities, Weirdness & Mutations

You can fly.
You have a beak for a mouth.
You have claws for feet.


Message History

Okay, then.
Use which ability? (? or * to list)
You fail to use your ability.
Use which ability? (? or * to list)
You fail to use your ability.
You hit Crazy Yiuf.
Crazy Yiuf is lightly wounded.
Crazy Yiuf hits you with a quarterstaff of chaos.
You barely miss Crazy Yiuf. Your peck misses Crazy Yiuf.
Crazy Yiuf is lightly wounded.
Crazy Yiuf hits you with a quarterstaff of chaos.
You slash Crazy Yiuf! Your peck misses Crazy Yiuf.
Crazy Yiuf is severely wounded.
Crazy Yiuf closely misses you.
You hit Crazy Yiuf. You claw Crazy Yiuf.
Crazy Yiuf is almost dead.
Crazy Yiuf hits you with a quarterstaff of chaos!
You are electrocuted!
Ouch! That really hurt!
You die...

...#### ....#
....# ....# ....#
....# ####♣♣ ###
.#### ##.#..♣♣
♣#..)# ..###
#......♣♣♣♣g....#
#...###....♣..♣.@♣
###..#..##...♣.♣♣♣
##...####♣♣♣♣♣
##.## ####..#
.....## ######


You could see Crazy Yiuf.

Vanquished Creatures
  Sigmund (D:2)
  The ghost of billydstr the Conjurer, a weakling DECj (D:3)
  3 adders
  A giant mite (D:1)
  2 worms (D:3)
  2 giant geckos
  9 bats
  A bat zombie (D:3)
  3 giant cockroaches
  6 hobgoblins
  6 jackals (D:3)
  10 kobolds
  A quokka (D:3)
  4 giant newts
  3 goblins
  5 rats
58 creatures vanquished.

Notes
Turn   | Place    | Note
--------------------------------------------------------------
     0 | D:1      | KarvaRausku, the Tengu Gladiator, began the quest for the Orb.
     0 | D:1      | Reached XP level 1. HP: 12/12 MP: 1/1
   352 | D:1      | Reached skill level 4 in Axes
   352 | D:1      | Reached XP level 2. HP: 9/17 MP: 3/3
  1097 | D:2      | Reached XP level 3. HP: 21/21 MP: 4/4
  1101 | D:2      | Noticed Sigmund
  1556 | D:3      | Found a glowing golden altar of the Shining One.
  1570 | D:3      | Reached skill level 5 in Axes
  1576 | D:3      | Reached XP level 4. HP: 14/26 MP: 5/5
  1584 | D:3      | Noticed billydstr's ghost (weakling DECj)
  1602 | D:3      | HP: 1/26 [billydstr's ghost/magic dart (5)]
  1657 | D:3      | Killed billydstr's ghost
  1974 | D:3      | Reached skill level 6 in Axes
  2007 | D:3      | Reached XP level 5. HP: 30/30 MP: 7/7
  2303 | D:3      | Found an ancient bone altar of Kikubaaqudgha.
  2489 | D:2      | Killed Sigmund
  2489 | D:2      | Reached skill level 7 in Axes
  2651 | D:2      | Noticed Crazy Yiuf
  2658 | D:2      | Mangled by Crazy Yiuf

Action                   |  1- 3 |  4- 6 || total
-------------------------+-------+-------++-------
Melee: War axe           |    72 |    81 ||   153
 Abil: Evoke Invisibilit |       |     2 ||     2
  Use: Scroll            |     2 |       ||     2
       Potion            |       |     6 ||     6
 Stab: Invisible         |       |     8 ||     8
  Eat: Chunk             |     2 |     5 ||     7
